 Dungeon Crawl Stone Soup version 0.21-a0-110-g8e1637b (webtiles) character file.

48 nikopol the Firebug (level 3, 0/19 HPs)
             Began as a Deep Elf Fire Elementalist on July 9, 2017.
             Hit by a stone thrown by a goblin (1 damage)
             ... on level 2 of the Dungeon.
             The game lasted 00:03:34 (1205 turns).

nikopol the Firebug (Deep Elf Fire Elementalist)    Turns: 1205, Time: 00:03:35

Health: 0/19       AC:  3    Str:  5    XL:     3   Next: 50%
Magic:  2/10       EV: 13    Int: 20    God:
Gold:   25         SH:  0    Dex: 15    Spells: 3/9 levels left

rFire    . . .     SeeInvis .   g - +0 dagger
rCold    . . .     Gourm    .   (no shield)
rNeg     . . .     Faith    .   a - +0 robe
rPois    .         Spirit   .   (no helmet)
rElec    .         Reflect  .   (no cloak)
rCorr    .         Harm     .   (no gloves)
MR       .....                  i - +0 pair of boots
Stlth    ++........             (no amulet)
HPRegen  0.06/turn              (no ring)
MPRegen  0.12/turn              (no ring)

@: no status effects
A: no striking features
a: no special abilities


You were on level 2 of the Dungeon.
You were not hungry.

You visited 1 branch of the dungeon, and saw 2 of its levels.

You collected 25 gold pieces.

Inventory:

Hand Weapons
 g - a +0 dagger (weapon)
Armour
 a - a +0 robe (worn)
 i - a +0 pair of boots (worn)
Scrolls
 f - a scroll of random uselessness {unknown}
 h - 2 scrolls of identify {unknown}
 j - a scroll of fog {unknown}
 l - 2 scrolls of remove curse {unknown}
 m - a scroll of teleportation {unknown}
Potions
 e - a potion of agility {unknown}
Books
 b - a book of Flames

   Spells                             Type                      Level
   a - Flame Tongue                   Conjuration/Fire             1
   b - Throw Flame                    Conjuration/Fire             2
   c - Conjure Flame                  Conjuration/Fire             3
   d - Inner Flame                    Hexes/Fire                   3
   e - Sticky Flame                   Conjuration/Fire             4
   f - Fireball                       Conjuration/Fire             5
Comestibles
 c - a bread ration
 d - a chunk of flesh
 k - a royal jelly


   Skills:
 + Level 2.7 Dodging
 + Level 2.9 Stealth
 + Level 3.8 Spellcasting
 + Level 1.5 Conjurations
 + Level 4.0 Fire Magic


You had 3 spell levels left.
You knew the following spells:

 Your Spells              Type           Power        Failure   Level  Hunger
a - Flame Tongue          Conj/Fire      ###..        4%          1    None
b - Throw Flame           Conj/Fire      ###...       6%          2    ##.....
c - Conjure Flame         Conj/Fire      ###.....     12%         3    ###....


Dungeon Overview and Level Annotations

Branches:
Dungeon (2/15)

Altars:


Message History

Aim: a worm (severely wounded)
Okay, then.
Casting: Flame Tongue
Confirm with . or Enter, or press ? or * to list all spells.
Aiming: Throw Flame
Press: ? - help, Shift-Dir - straight line, f/p - worm
Aim: a worm (severely wounded)
The puff of flame misses the worm.
The goblin shouts!
The bat hits you but does no damage.
Casting: Throw Flame
Confirm with . or Enter, or press ? or * to list all spells.
Aiming: Flame Tongue
Press: ? - help, Shift-Dir - straight line, f/p - worm
Aim: a worm (severely wounded)
The flame tongue hits the worm.
You kill the worm!
Your Fire Magic skill increases to level 4!
The bat barely misses you.
The goblin throws a stone.
The stone hits you.
You die...

........
....... #.....
.######....
.!.....)..###
#..........#
.#....†b....#
.....$.@...(#
............#
.###....#.###
##.=#..#
=...#g########
#........#...
#.....%..#g.
#.....>....
#....?...g


You could see a goblin and a bat.

Vanquished Creatures
  An adder (D:1)
  An ooze (D:1)
  A worm (D:2)
  3 dart slugs
  4 giant cockroaches (D:1)
  3 goblins
  2 hobgoblins (D:1)
  3 jackals (D:1)
  2 kobolds (D:1)
  A quokka (D:1)
  A frilled lizard (D:2)
  2 rats (D:1)
24 creatures vanquished.

Notes
Turn   | Place    | Note
-------+----------+-------------------------------------------
     0 | D:1      | nikopol the Deep Elf Fire Elementalist began the quest for the Orb.
     0 | D:1      | Reached XP level 1. HP: 10/10 MP: 6/6
   366 | D:1      | Reached XP level 2. HP: 13/15 MP: 4/8
   524 | D:1      | Learned a level 2 spell: Throw Flame
   897 | D:1      | Reached XP level 3. HP: 19/19 MP: 2/10
   902 | D:1      | Learned a level 3 spell: Conjure Flame
  1205 | D:2      | Reached skill level 4 in Fire Magic
  1205 | D:2      | Hit by a stone thrown by a goblin

Vault maps used:
D:1:      dpeg_arrival_solitude
D:2:      grunt_qazlal_sundering, corexii_item_surrounded_by_moat

Skill      XL: |  1  2  3 |
---------------+----------+-----
Fire Magic     | 4 |  4.0
Dodging        | |  2.7
Stealth        | |  2.9
Spellcasting   | |  3.8
Conjurations   | |  1.5

Action                   || total
-------------------------++-------
 Cast: Flame Tongue      ||    57
       Throw Flame       ||     1
  Eat: Chunk             ||     1
Armor: Robe              ||     8
Dodge: Dodged            ||    34
